 Dungeon Crawl Stone Soup version bcrawl-1.21.2-20-g6d45ba5942 (webtiles) character file.

Game seed: 3970841224443663098

821 Freyura the Scratcher (level 7, -6/38 HPs)
             Began as a Felid Martial Artist on Mar 1, 2020.
             Was an Elder of Wu Jian.
             Mangled by an orc warrior
             ... wielding a +0 long sword
              (22 damage)
             ... on level 7 of the Dungeon.
             The game lasted 00:25:22 (6895 turns).

Freyura the Scratcher (Felid Martial Artist)        Turns: 6895, Time: 00:25:23

Health: -6/38      AC:  2    Str:  8    XL:     7   Next: 95%
Magic:  13/13      EV: 22    Int: 11    God:    Wu Jian [****..]
Gold:   51         SH:  0    Dex: 20    Spells: 8/13 levels left
                                        Lives:  0   Deaths: 2

rFire    . . .     SeeInvis +     - Unarmed
rCold    + . .     Gourm    .   (shield unavailable)
rNeg     . . .     Faith    .   (armour unavailable)
rPois    .         Spirit   .   (helmet unavailable)
rElec    .         Reflect  .   (cloak restricted)
rCorr    .         Harm     .   (gloves unavailable)
MR       +....                  (boots unavailable)
Stlth    ++++++....             (no amulet)
HPRegen  0.12/turn              j - ring of stealth
MPRegen  0.13/turn              h - ring of protection from cold

@: quick
A: very small, no armour, no weapons or thrown items, stealth, claws 1, fangs 3,
see invisible, carnivore, speed 1, shaggy fur 2, slow metabolism 1, sharp paws
a: Wall Jump, Serpent's Lash, Heavenly Storm, Renounce Religion


You were on level 7 of the Dungeon.
You worshipped Wu Jian.
Wu Jian was greatly pleased with you.
You were not hungry.

You visited 1 branch of the dungeon, and saw 7 of its levels.

You collected 451 gold pieces.
You spent 400 gold pieces at shops.

Inventory:

Jewellery
 d - an uncursed ring of flight
 h - a ring of protection from cold (right paw)
 j - a ring of stealth (left paw)
 v - an uncursed ring of protection from fire
Wands
 l - a wand of enslavement (11)
 q - a wand of flame (16)
Scrolls
 b - a scroll of identify
 f - 4 scrolls of teleportation
 p - a scroll of blinking
 s - a scroll of amnesia
Potions
 a - a potion of curing
 c - 3 potions of haste
 i - a potion of invisibility
 k - a potion of brilliance
 m - a potion of lignification
 o - a potion of magic
 t - a potion of cancellation
 u - a potion of berserk rage {unknown}
 w - a potion of ambrosia {unknown}
Comestibles
 e - 13 rations {!d}


   Skills:
 + Level 4.5 Fighting
 + Level 6.1 Dodging
 * Level 7.2 Stealth
 * Level 7.8 Unarmed Combat
 + Level 3.8 Spellcasting
 * Level 6.9 Hexes


You had 8 spell levels left.
You knew the following spells:

 Your Spells              Type           Power        Failure   Level  Hunger
a - Confusing Touch       Hex            ###.....     1%          1    #......
b - Corona                Hex            ###....      1%          1    #......
c - Tukima's Dance        Hex            ###.....     4%          3    ###....

Your spell library contained the following spells:

 Spells                   Type           Power        Failure   Level  Hunger
 Confuse                  Hex            ###.....     4%          3    ###....
 Ensorcelled Hibernation  Hex/Ice        #.....       9%          2    ##.....
 Dazzling Spray           Conj/Hex       #.....       17%         3    ###....


Dungeon Overview and Level Annotations

Branches:
Dungeon (7/12)             Temple (0/1) D:5
   Lair: D:7-9

Altars:
Fedhas
Gozag
Ru
Sif Muna
Trog
Uskayaw
Wu Jian
Zin

Shops:
D:5 *!?([   D:6 :   D:7 }


Innate Abilities, Weirdness & Mutations

You cannot wear almost all types of armour.
You are incapable of wielding weapons or throwing items.
Your paws allow you to move quietly. (Stealth)
You have sharp claws.
You have razor-sharp teeth.
You have supernaturally acute eyesight. (SInv)
You are carnivorous and can eat meat at any time.
You cover ground quickly.
You are covered in thick fur. (AC +2)
You have a slow metabolism.
Your sharp claws are effective at attacking unaware monsters.


Message History

You scratch the bullfrog.
The bullfrog is moderately wounded.
The bullfrog hits you! The bullfrog closely misses you.
You are too injured to fight recklessly!
You are too injured to fight recklessly!
You are too injured to fight recklessly!
You claw the bullfrog! You bite the bullfrog.
The bullfrog is severely wounded.
The bullfrog completely misses you.
You claw the bullfrog!
You kill the bullfrog!
The Council accepts your kill. The orc misses you.
You closely miss the orc warrior. You scratch the orc warrior.
The orc warrior is lightly wounded.
The orc closely misses you.
The orc warrior hits you with a +0 long sword!!
Ouch! That really hurt!
You die...

##.......#
##.#
#.......#
#.#
##......#
#.##
##<....#
##.#
##..###
#.## ####
#..# ##.#
#.## ####@#
##=.#o#
#...oo#
#...oo.#
#.......#
#.........#
##........#
#...#.....
##.........


You could see an orc warrior and 4 orcs.

Vanquished Creatures
  Sigmund (D:5)
  4 ice beasts
  2 ogres
  2 phantoms (D:5)
  2 sky beasts
  3 black bears (D:6)
  A big kobold (D:6)
  2 bullfrogs
  4 killer bees (D:7)
  2 scorpions
  A howler monkey (D:5)
  5 crimson imps
  A bullfrog zombie (D:6)
  2 hounds
  A centaur skeleton (D:4)
  A bullfrog skeleton (D:5)
  2 iguanas
  Jessica (D:2)
  2 orc wizards (D:5)
  Terence (D:2)
  2 worker ants
  A hound skeleton (D:6)
  8 gnolls
  4 adders
  2 shadow imps
  An ooze (D:2)
  6 dart slugs
  9 leopard geckos
  20 orcs
  6 bats
  3 giant cockroaches
  8 goblins
  2 hobgoblins
  3 jackals (D:2)
  11 kobolds
  2 quokkas
  4 frilled lizards
  A jackal zombie (D:7)
  6 rats
139 creatures vanquished.

Notes
Turn   | Place    | Note
-------+----------+-------------------------------------------
     0 | D:1      | Freyura the Felid Martial Artist began the quest for the
                  | Orb.
     0 | D:1      | Reached XP level 1. HP: 12/12 MP: 3/3
   556 | D:1      | Reached XP level 2. HP: 16/16 MP: 5/5
   642 | D:1      | Reached skill level 5 in Unarmed Combat
  1227 | D:2      | Reached XP level 3. HP: 20/20 MP: 6/6
  1227 | D:2      | Noticed Terence
  1255 | D:2      | Killed Terence
  1414 | D:2      | Reached ** piety under Wu Jian
  1640 | D:2      | Reached XP level 4. HP: 24/24 MP: 7/7
  1641 | D:2      | Noticed Jessica
  1648 | D:2      | Killed from afar by Jessica
  1649 | D:2      | Reached XP level 3. HP: -7/20 MP: 6/6
  1663 | D:2      | Killed Jessica
  1833 | D:2      | Found a hide-covered altar of Uskayaw.
  1842 | D:2      | Found a shimmering blue altar of Sif Muna.
  2088 | D:3      | Reached XP level 4. HP: 24/24 MP: 7/7
  3112 | D:4      | Reached XP level 5. HP: 27/28 MP: 8/8
  3165 | D:4      | Noticed an ogre
  3186 | D:4      | Killed an ogre
  3254 | D:4      | Gained mutation: You are covered in thick fur. (AC +2)
                  | [Felid growth]
  3254 | D:4      | Reached XP level 6. HP: 32/32 MP: 10/10
  3254 | D:4      | Noticed a sky beast
  3263 | D:4      | Killed a sky beast
  3269 | D:4      | Reached *** piety under Wu Jian
  3452 | D:5      | Entered Level 5 of the Dungeon
  3466 | D:5      | Reached skill level 5 in Dodging
  3466 | D:5      | Noticed a phantom
  3505 | D:5      | Killed a phantom
  3716 | D:5      | Found Ysyurr's Distillery.
  3720 | D:5      | Bought a potion of heal wounds for 75 gold pieces
  3754 | D:5      | Reached skill level 5 in Stealth
  3754 | D:5      | Noticed Sigmund
  3756 | D:5      | Reached XP level 7. HP: 37/37 MP: 11/11
  3784 | D:5      | Killed Sigmund
  3962 | D:5      | Found a staircase to the Ecumenical Temple.
  4048 | D:5      | Found Unatiunt's Magic Scroll Shop.
  4078 | D:5      | Found Lofigo's Assorted Antiques.
  4158 | D:5      | Reached skill level 5 in Hexes
  4332 | D:5      | Found a blossoming altar of Fedhas.
  4386 | D:5      | Found an ornate altar of the Wu Jian Council.
  4472 | D:5      | Found Guafozy's Weapon Emporium.
  4524 | D:5      | Found Unofy's Antique Armour Shoppe.
  4888 | D:6      | Found a bloodstained altar of Trog.
  5100 | D:6      | Reached XP level 8. HP: 42/42 MP: 13/13
  5255 | D:6      | Reached **** piety under Wu Jian
  5516 | D:6      | Found a sacrificial altar of Ru.
  5582 | D:6      | Found Nustyewn's Book Emporium.
  6042 | D:6      | Found an opulent altar of Gozag.
  6042 | D:6      | Found a glowing silver altar of Zin.
  6218 | D:6      | Bought a book of Maledictions for 325 gold pieces
  6220 | D:6      | Learned a level 1 spell: Corona
  6224 | D:6      | Learned a level 3 spell: Tukima's Dance
  6386 | D:7      | Slain by a killer bee
  6387 | D:7      | Reached XP level 7. HP: -1/38 MP: 13/13
  6881 | D:7      | Found Ethrorhaa's Gadget Shoppe.
  6895 | D:7      | Mangled by an orc warrior

Skill      XL: |  1  2  3  4  5  6  7  8 |
---------------+-------------------------+-----
Hexes          | 2 3 4 5 6 |  6.9
Stealth        | 2 3 4 5 7 |  7.2
Unarmed Combat | 5 6 7 |  7.8
Spellcasting   | 2 3 |  3.8
Dodging        | 5 6 |  6.1
Fighting       | 4 |  4.5

Action                   |  1- 3 |  4- 6 |  7- 9 || total
-------------------------+-------+-------+-------++-------
Melee: Unarmed           |   129 |   170 |   249 ||   548
       Bite              |    10 |    13 |    22 ||    45
       Punch             |     7 |     1 |     6 ||    14
Invok: Lunge             |    16 |    16 |    19 ||    51
       Whirlwind         |     3 |     2 |     9 ||    14
 Abil: Wall Jump         |     3 |     1 |       ||     4
  Use: Scroll            |       |    10 |     6 ||    16
       Potion            |       |       |     3 ||     3
 Stab: Sleeping          |    10 |     9 |    13 ||    32
       Distracted        |       |       |     4 ||     4
  Eat: Chunk             |    14 |     5 |     4 ||    23
Armor: Skin              |     6 |     6 |     6 ||    18
Dodge: Dodged            |    86 |   108 |   207 ||   401
